 Dungeon Crawl Stone Soup version 0.17.1-3-g152610e (webtiles) character file.

336769 inmateoo the Markscentaur (level 20, -5/184 HPs)
             Began as a Centaur Arcane Marksman on Apr 25, 2016.
             Was a High Priest of Okawaru.
             Shot with a bolt of frost by a yaktaur captain (31 damage)
             ... on level 5 of the Vaults.
             The game lasted 02:39:39 (56751 turns).

inmateoo the Markscentaur (CeAM)                   Turns: 56751, Time: 02:39:40

Health: -5/184     AC: 40    Str: 23    XL:     20   Next: 99%
Magic:  30/34      EV: 13    Int: 13    God:    Okawaru [*****.]
Gold:   3247       SH:  0    Dex: 18    Spells: 9 memorised, 8 levels left

rFire  + . .     SeeInvis .     Y - +12 longbow of Iplugyel {velocity, +Inv rElec rN++ MR-}
rCold  + . .     Rnd*Rage +     M - +0 plate armour of Helef {rElec rPois rF+ Slay+2}
rNeg   + + .     SustAt   .     (shield currently unavailable)
rPois  +         Gourm    .     U - +2 hat {Int+3}
rElec  +         Spirit   .     h - +2 cloak
rCorr  .         Warding  .     u - +2 pair of gloves {Dex+3}
rMut   .         Stasis   .     z - +4 centaur barding {rC+}
MR     +....                    j - amulet of regeneration
Stlth  ..........               x - +3 ring of slaying
                                A - ring of protection from magic

@: heroism, finesse, marked, repel missiles, very quick, somewhat resistant to
hostile enchantments, extremely unstealthy
A: hooves 3, icy blue scales 1, rugged brown scales 2, agile 1, berserk 1,
deformed body, dopey 1, speed 2, high mp 1, spit poison 2, strong 2, tough skin
3
a: Spit Poison, Heroism, Finesse, Renounce Religion, Evoke Invisibility
}: 2/15 runes: decaying, gossamer


You were on level 5 of the Vaults.
You worshipped Okawaru.
Okawaru was extremely pleased with you.
You were very full.

You visited 7 branches of the dungeon, and saw 41 of its levels.
You also visited: Bailey, Ice Cave and Wizlab.

You collected 4694 gold pieces.
You spent 1413 gold pieces at shops.

Inventory:

Hand Weapons
 w - a +7 longbow of velocity
 I - the +7 lajatang of Order {silver, rMut}
   (Okawaru gifted it to you on level 1 of the Spider Nest)

   It protects you from mutation.
 O - the +8 shortbow of the Vulture {venom, rN+}
   (Okawaru gifted it to you on level 4 of the Vaults)

   It poisons the ammo it fires.
   It protects you from negative energy.
 Y - the +12 longbow of Iplugyel (weapon) {velocity, +Inv rElec rN++ MR-}
   (Okawaru gifted it to you on level 3 of the Vaults)

   Any arrow fired from it inflicts extra damage.
   It insulates you from electricity.
   It greatly protects you from negative energy.
   It affects your resistance to hostile enchantments.
   It lets you turn invisible.
Missiles
 b - 165 arrows of frost
 d - 743 arrows (quivered)
 D - 108 poisoned arrows
 P - 77 arrows of dispersal
 Z - 142 arrows of flame
Armour
 h - a +2 cloak (worn)
 u - a +2 pair of gloves of dexterity (worn)
 z - a +4 centaur barding of cold resistance (worn)
 M - the +0 plate armour of Helef (worn) {rElec rPois rF+ Slay+2}
   (You found it on level 7 of the Dungeon)

   It affects your accuracy and damage with ranged weapons and melee attacks
   (+2).
   It protects you from fire.
   It insulates you from electricity.
   It protects you from poison.
 U - a +2 hat of intelligence (worn)
Jewellery
 e - an uncursed ring of sustain attributes
 f - an uncursed ring of protection from fire
 j - an amulet of regeneration (around neck)
 x - a +3 ring of slaying (right hand)
 A - a ring of protection from magic (left hand)
 J - an uncursed ring of protection from cold
Wands
 a - a wand of teleportation (2)
 c - a wand of digging (13)
 n - a wand of invisibility (1)
 v - a wand of digging (10)
 W - a wand of digging (14)
Scrolls
 p - 6 scrolls of blinking
 q - 14 scrolls of remove curse
 y - 3 scrolls of enchant armour
 B - 11 scrolls of teleportation
 C - 9 scrolls of recharging
 L - a scroll of summoning
 N - 8 scrolls of fog
 S - 2 scrolls of fear
 T - 6 scrolls of magic mapping
 V - 5 scrolls of holy word
 X - 8 scrolls of identify
Potions
 g - 15 potions of heal wounds
 i - 4 potions of haste
 k - 4 potions of ambrosia
 l - 4 potions of might
 m - 3 potions of curing
 o - a potion of flight
 r - 4 potions of cancellation
 E - 2 potions of resistance
 F - 2 potions of brilliance
 G - 5 potions of agility
 K - 4 potions of invisibility
 Q - 5 potions of magic
Miscellaneous
 s - a phial of floods
 R - a box of beasts
Comestibles
 t - 17 bread rations
 H - 3 meat rations


   Skills:
 + Level 14.7(19.7) Fighting
 + Level 12.4(17.4) Staves
 + Level 20.8(25.8) Bows
 + Level 14.0(19.0) Armour
 + Level 11.2(16.2) Dodging
 + Level 7.5 Spellcasting
 - Level 2.6 Hexes
 + Level 6.9 Charms
 + Level 6.9 Translocations
 - Level 7.2 Invocations
 + Level 8.7 Evocations


You had 8 spell levels left.
You knew the following spells:

 Your Spells              Type           Power        Failure   Level  Hunger
a - Corona                Hex            ##.....      30%         1    None
b - Slow                  Hex            ##......     47%         2    #......
c - Statue Form           Trmt/Erth      #........    100%        6    #######
d - Phase Shift           Tloc           ###.......   98%         5    ######.
e - Shroud of Golubria    Chrm/Tloc      ###.......   10%         2    #......
f - Song of Slaying       Chrm           ###.....     10%         2    #......
g - Regeneration          Chrm/Necr      ##........   77%         3    ##.....
h - Spectral Weapon       Hex/Chrm       ###.....     38%         3    ##.....
i - Repel Missiles        Chrm/Air       ##....       38%         2    #......


Dungeon Overview and Level Annotations

Branches:
Dungeon (15/15)            Temple (1/1) D:6            Lair (8/8) D:10
  Swamp (4/4) Lair:3       Spider (4/4) Lair:6        Slime (0/6) Lair:6
    Orc (4/4) D:10            Elf (0/3) Orc:4        Vaults (5/5) D:14
  Crypt (0/3) Vaults:2     Depths (0/5) D:15

Altars:
Ashenzari
Cheibriados
Gozag
Nemelex Xobeh
Okawaru
Qazlal
Sif Muna
Vehumet
Yredelemnul
Beogh

Shops:
D:5 [((?(   D:9 [   D:15 [   Orc:4 (!}}   Vaults:1 %   Vaults:2 :

Annotations:
D:12 attackplan's ghost, journeyman HOFi
Vaults:5 Margery


Innate Abilities, Weirdness & Mutations

You have hooves in place of feet.
Armour fits poorly on your strangely shaped body.
You cover ground very quickly.
You have extremely tough skin (AC +3).
You are partially covered in icy blue scales (AC +1).
You are mostly covered in rugged brown scales (AC +2, +5% HP).
You are agile. (Dex +2)
You tend to lose your temper in combat.
You are dopey. (Int -2)
You have an increased reservoir of magic (+10% MP).
You can spit poison.
Your muscles are very strong. (Str +4)


Message History

Drink which item? (? for menu, Esc to quit)
You feel much better.
The stone giant throws a large rock.
The large rock hits you!!
* * * LOW HITPOINT WARNING * * *
A yaktaur comes into view.
Drink which item? (? for menu, Esc to quit)
You feel much better.
The stone giant throws a large rock.
The large rock hits you!!
* * * LOW HITPOINT WARNING * * *
The yaktaur wields an arbalest.
The yaktaur shoots a bolt.
The bolt hits you!
* * * LOW HITPOINT WARNING * * *
Unknown command.
Unknown command.
Unknown command.
Read which item? (? for menu, Esc to quit)
As you read the scroll of summoning, it crumbles to dust.
Wisps of shadow whirl around you...
The yaktaur captain shoots a bolt of frost.
The bolt of frost hits you!!
You die...

#####
....#
..c.#
#####....#
#.....c..#
#.p.@.#
#.....#
#.W...#
#.######
.. C. .


You could see a stone giant, a yaktaur captain, a yaktaur, a friendly vault
sentinel and a friendly freezing wraith.

Vanquished Creatures
  An ancient lich (WizLab)
  Mara (Swamp:3)
  Frederick (Vaults:2)
  the Lernaean hydra (Swamp:4)
  A lich (Vaults:4)
  The ghost of manyhoops the Fencer, an adept DsGl of Okawaru (WizLab)
  A shadow dragon (Vaults:3)
  Kirke (Lair:5)
  A storm dragon (Vaults:4)
  3 fire giants (Vaults:4)
  12 vault wardens
  2 frost giants
  5 ghost moths (Spider:4)
  An iron dragon (Vaults:4)
  5 emperor scorpions
  13 ironheart preservers
  5 stone giants
  A deep elf annihilator (Vaults:2)
  A dire elephant (Lair:8)
  A salamander stormcaller (Vaults:3)
  2 ettins (Vaults:4)
  A deep elf death mage (Vaults:4)
  36 vault guards
  3 mummy priests (WizLab)
  Erolcha (D:9)
  2 fire dragons
  8 ogre magi
  9 yaktaur captains
  2 great orbs of eyes (Vaults:3)
  3 entropy weavers
  Fannar (Orc:1)
  3 catoblepae
  An ice dragon (shapeshifter) (Vaults:3)
  An ice dragon (Vaults:3)
  A catoblepas (shapeshifter) (Vaults:4)
  26 hydras
  3 deep troll earth magi
  Erica (D:8)
  9 centaur warriors
  3 deep troll shamans
  7 alligators
  An orc high priest (Orc:4)
  A satyr (shapeshifter) (Vaults:3)
  18 death yaks
  A tengu warrior (D:15)
  A fire crab (Vaults:4)
  A titan zombie (WizLab)
  4 spriggans
  Sonja (Lair:4)
  5 deep elf knights
  16 deep trolls
  A shadow wraith (Vaults:4)
  6 skeletal warriors (Vaults:2)
  A storm dragon skeleton (Vaults:2)
  An unseen horror (Vaults:1)
  A wizard (D:14)
  A deep elf summoner (Vaults:4)
  4 hill giants
  12 swamp dragons
  15 ironbrand convokers
  A sphinx zombie (WizLab)
  4 shambling mangroves
  3 deep elf conjurers
  5 griffons
  An iron dragon zombie (WizLab)
  25 ugly things
  10 cyclopes
  24 orb spiders
  A necromancer (Vaults:1)
  11 orc knights
  8 hornets
  2 tengu skeletons (Vaults:2)
  A manticore (D:11)
  2 fire giant zombies
  2 frost giant zombies (WizLab)
  26 wolf spiders
  4 oklob plants
  An octopode (shapeshifter) (Vaults:3)
  3 moths of wrath
  An orc sorcerer (Vaults:2)
  A frost giant skeleton (Vaults:2)
  A fire giant skeleton (Vaults:2)
  13 vault sentinels
  14 elephants
  Joseph (Lair:1)
  A gargoyle (D:10)
  2 torpor snails
  6 black mambas
  16 spiny frogs
  8 centaur skeletons
  50 yaktaurs
  2 fire drakes
  4 human zombies
  2 komodo dragons
  A kobold demonologist (D:12)
  28 jumping spiders
  A tengu conjurer (D:15)
  An efreet (D:13)
  2 komodo dragons (shapeshifter)
  11 demonic crawlers
  2 guardian mummies (WizLab)
  The ghost of kaze the Ducker, an amateur TrBe of Trog (D:4)
  2 deep elf priests
  10 polar bears
  A yaktaur skeleton (Vaults:2)
  8 trolls
  12 blink frogs
  2 giant leeches
  17 two-headed ogres
  26 slime creatures
  4 freezing wraiths
  2 boulder beetles (Vaults:4)
  A merfolk (Lair:1)
  5 bog bodies
  A deep troll zombie (WizLab)
  A fire dragon zombie (WizLab)
  20 trapdoor spiders
  64 redbacks
  A spriggan (shapeshifter) (Vaults:1)
  Sigmund (D:3)
  4 wraiths
  2 ettin skeletons (Vaults:2)
  18 tarantellas
  5 wyverns
  A redback (shapeshifter) (Vaults:3)
  7 deep elf magi
  A yak (shapeshifter) (Vaults:3)
  5 hippogriffs
  9 hungry ghosts
  24 deep elf fighters
  13 vampire mosquitoes
  65 yaks
  An elf zombie (WizLab)
  A fire bat (shapeshifter) (Vaults:4)
  3 basilisks
  5 hogs (Lair:5)
  A redback simulacrum (Vaults:1)
  6 insubstantial wisps (Swamp:3)
  A soldier ant (shapeshifter) (Vaults:1)
  27 swamp worms
  4 wargs
  41 wolves
  A putrid demonspawn zombie (WizLab)
  4 porcupines
  23 water moccasins
  10 swamp drakes
  2 mottled dragons
  2 eyes of draining
  17 spiders
  13 ice beasts
  19 wasps
  A naga (Lair:1)
  2 phantoms (D:7)
  3 black bears
  45 orc warriors
  5 boggarts (Vaults:2)
  46 ogres
  32 centaurs
  2 necrophages
  3 human skeletons (Vaults:2)
  14 crocodiles
  5 sky beasts
  8 big kobolds
  A brain worm (Lair:6)
  24 giant frogs
  A jelly (D:11)
  2 troll zombies (D:10)
  2 human simulacra (Vaults:1)
  8 wights (D:7)
  5 scorpions
  A spriggan skeleton (D:12)
  2 vampire bats (Lair:7)
  4 crimson imps
  2 giant frog zombies
  9 hounds
  26 orc priests
  7 centaur zombies
  14 iguanas
  Ijyb (D:3)
  8 worker ants
  A giant frog skeleton (D:9)
  Jessica (D:2)
  A gnoll shaman (D:7)
  Natasha (D:3)
  30 orc wizards
  A killer bee zombie (D:8)
  57 sheep
  4 ogre zombies (D:10)
  2 hound skeletons (D:11)
  2 worker ant zombies
  19 gnolls
  34 river rats
  12 adders
  A shadow imp (D:11)
  An ooze (D:3)
  4 adder skeletons
  4 worms
  11 giant geckos
  195 orcs
  22 bats
  6 giant cockroaches
  30 goblins
  36 hobgoblins
  4 jackals
  37 kobolds
  5 quokkas
  9 giant newts
  2 goblin zombies (D:10)
  A hobgoblin skeleton (D:10)
  2 hobgoblin zombies (D:10)
  3 orc skeletons
  12 orc zombies (D:10)
  A quokka zombie (D:5)
  8 rats
  A fire vortex (Vaults:3)
  2 fungi (Lair:8)
1933 creatures vanquished.

Vanquished Creatures (others)
  An eldritch tentacle (Vaults:4)
  A salamander stormcaller (Vaults:3)
  A centaur warrior (Vaults:3)
  An unseen horror (D:10)
  A wolf spider (Spider:1)
  A wolf (IceCv)
  116 eldritch tentacle segments (Vaults:4)
  A fire vortex (Vaults:3)
  20 fungi
  11 plants (Lair:7)
154 creatures vanquished.

Grand Total: 2087 creatures vanquished

Notes
Turn   | Place    | Note
--------------------------------------------------------------
     0 | D:1      | inmateoo the Centaur Arcane Marksman began the quest for the Orb.
     0 | D:1      | Reached XP level 1. HP: 16/16 MP: 2/2
    13 | D:1      | Reached skill level 3 in Bows
    54 | D:1      | Reached XP level 2. HP: 17/23 MP: 3/3
   386 | D:1      | Reached skill level 4 in Bows
   647 | D:2      | Reached XP level 3. HP: 15/28 MP: 4/4
   827 | D:2      | Reached skill level 5 in Bows
  1159 | D:2      | Noticed Jessica
  1855 | D:2      | Killed Jessica
  1855 | D:2      | Reached skill level 6 in Bows
  1855 | D:2      | Reached XP level 4. HP: 28/35 MP: 5/5
  2292 | D:3      | Noticed Sigmund
  2313 | D:3      | Noticed Natasha
  2322 | D:3      | Killed Natasha
  2322 | D:3      | Reached skill level 7 in Bows
  2322 | D:3      | Reached XP level 5. HP: 37/40 MP: 6/6
  2390 | D:3      | Noticed a water elemental
  2391 | D:3      | Found a stormy altar of Qazlal.
  2393 | D:3      | Noticed an air elemental
  2393 | D:3      | Noticed a fire elemental
  2458 | D:3      | Noticed Ijyb
  2489 | D:3      | Killed Ijyb
  2642 | D:3      | Reached skill level 8 in Bows
  3142 | D:3      | Reached XP level 6. HP: 37/47 MP: 7/7
  3516 | D:3      | Killed Sigmund
  3516 | D:3      | Reached skill level 9 in Bows
  4158 | D:4      | Reached XP level 7. HP: 45/56 MP: 8/8
  4249 | D:4      | Learned a level 2 spell: Slow
  4254 | D:4      | Found a shattered altar of Ashenzari.
  4272 | D:4      | Noticed kaze's ghost (amateur TrBe)
  4471 | D:4      | Noticed a sky beast
  4499 | D:4      | Killed a sky beast
  4508 | D:4      | Gained mutation: You are partially covered in icy blue scales (AC +1). [mutagenic meat]
  4509 | D:4      | Gained mutation: You tend to lose your temper in combat. [mutagenic meat]
  4510 | D:4      | Gained mutation: You are robust (+10% HP). [mutagenic meat]
  4511 | D:4      | Gained mutation: Your spells are a little easier to cast, but a little less powerful. [mutagenic meat]
  4512 | D:4      | Gained mutation: You are weak. (Str -2) [mutagenic meat]
  4513 | D:4      | Gained mutation: You are dopey. (Int -2) [mutagenic meat]
  4548 | D:4      | Found a sparkling altar of Nemelex Xobeh.
  4549 | D:4      | Found an opulent altar of Gozag.
  4910 | D:5      | Entered Level 5 of the Dungeon
  4930 | D:5      | Found Taeli's Weapon Shoppe.
  4985 | D:5      | Reached skill level 10 in Bows
  5088 | D:5      | Found Fuapuem's Antique Weapon Emporium.
  5099 | D:5      | Found Avisiuda's Magic Scroll Emporium.
  5113 | D:5      | Found Pewiump's Antique Weapon Shoppe.
  5341 | D:5      | Noticed a wyvern
  5516 | D:5      | Reached XP level 8. HP: 33/73 MP: 9/9
  5848 | D:5      | Killed a wyvern
  5848 | D:5      | Reached skill level 5 in Fighting
  6183 | D:5      | Reached skill level 11 in Bows
  6256 | D:5      | Found Isacroh's Antique Armour Emporium.
  6355 | D:6      | Found a staircase to the Ecumenical Temple.
  6364 | Temple   | Entered the Ecumenical Temple
  6376 | Temple   | Became a worshipper of Warmaster Okawaru
  6652 | D:3      | Noticed a big kobold
  6727 | D:3      | Killed a big kobold
  6768 | D:3      | Noticed a big kobold
  6780 | D:3      | Noticed a big kobold
  6795 | D:3      | Killed a big kobold
  6801 | D:3      | Killed a big kobold
  6821 | D:3      | Noticed a big kobold
  6832 | D:3      | Killed a big kobold
  6832 | D:3      | Reached * piety under Okawaru
  7159 | D:3      | Reached skill level 12 in Bows
  7806 | D:4      | Killed kaze's ghost
  7806 | D:4      | Reached skill level 1 in Invocations
  7806 | D:4      | Reached XP level 9. HP: 85/85 MP: 10/10
  7979 | D:6      | You fall through a shaft for 2 floors!
  8032 | D:8      | Found a flagged portal.
  8058 | Bailey   | Entered a bailey
  8101 | Bailey   | Noticed an orc knight
  8103 | Bailey   | Killed an orc knight
  8103 | Bailey   | Reached ** piety under Okawaru
  8315 | Bailey   | Noticed an orc knight
  8377 | Bailey   | Killed an orc knight
  8377 | Bailey   | Reached skill level 13 in Bows
  8711 | D:8      | Noticed Erica
  9042 | D:7      | Reached skill level 5 in Invocations
  9194 | D:6      | Reached *** piety under Okawaru
  9394 | D:6      | Found an opulent altar of Gozag.
  9604 | D:6      | Noticed a two-headed ogre
  9652 | D:6      | Killed a two-headed ogre
  9652 | D:6      | Reached XP level 10. HP: 92/92 MP: 14/14
 10280 | D:7      | Reached **** piety under Okawaru
 10477 | D:7      | Got an ichor-stained plate armour
 10489 | D:7      | Identified the cursed +0 plate armour of Helef {rElec rPois rF+ Slay+2} (You found it on level 7 of the Dungeon)
 10874 | D:8      | Killed Erica
 10874 | D:8      | Reached skill level 14 in Bows
 10874 | D:8      | Reached skill level 1 in Armour
 10979 | D:8      | Found a deep blue altar of Sif Muna.
 11513 | D:9      | Noticed Erolcha
 11528 | D:10     | Entered Level 10 of the Dungeon
 11600 | D:10     | Noticed a hill giant
 11648 | D:10     | Killed a hill giant
 11869 | D:10     | Found a staircase to the Orcish Mines.
 12215 | D:10     | Received a gift from Okawaru
 12443 | D:10     | Reached XP level 11. HP: 100/100 MP: 16/16
 13344 | D:10     | Reached ***** piety under Okawaru
 14198 | D:10     | Killed an unseen horror
 14304 | D:9      | Received a gift from Okawaru
 14530 | D:8      | Reached skill level 5 in Armour
 14926 | D:9      | Killed Erolcha
 14926 | D:9      | Received a gift from Okawaru
 14926 | D:9      | Reached skill level 15 in Bows
 15045 | D:9      | Found Potil's Armour Boutique.
 15136 | D:9      | Received a gift from Okawaru
 15648 | D:9      | Got an ivory quarterstaff
 15650 | D:9      | Identified the +5 quarterstaff "Giantslayer" {flame, MP+9 Int+7} (You found it on level 9 of the Dungeon)
 15914 | D:10     | Found a staircase to the Lair.
 16210 | D:11     | Reached skill level 1 in Staves
 16210 | D:11     | Reached skill level 5 in Dodging
 16296 | D:11     | Gained mutation: You often lose your temper in combat. [mutagenic meat]
 16297 | D:11     | Gained mutation: You are partially covered in rugged brown scales (AC +1, +3% HP). [mutagenic meat]
 16298 | D:11     | Lost mutation: You are robust (+10% HP). [potion of cure mutation]
 16298 | D:11     | Lost mutation: Your spells are a little easier to cast, but a little less powerful. [potion of cure mutation]
 16298 | D:11     | Lost mutation: You are weak. (Str -2) [potion of cure mutation]
 16298 | D:11     | Lost mutation: You often lose your temper in combat. [potion of cure mutation]
 16298 | D:11     | Lost mutation: You tend to lose your temper in combat. [potion of cure mutation]
 16590 | D:11     | Identified the Incunabulum of Changing
 17010 | D:11     | Reached XP level 12. HP: 106/106 MP: 17/17
 17947 | D:12     | Noticed attackplan's ghost (journeyman HOFi)
 19030 | D:12     | Gained mutation: You tend to lose your temper in combat. [potion of mutation]
 19793 | D:13     | Noticed a catoblepas
 19855 | D:13     | Killed a catoblepas
 20202 | D:13     | Received a gift from Okawaru
 20202 | D:13     | Reached skill level 16 in Bows
 20494 | D:14     | Noticed a centaur warrior
 20502 | D:14     | Killed a centaur warrior
 20624 | D:14     | Learned a level 6 spell: Statue Form
 20643 | D:14     | Found a gate to the Vaults.
 20656 | D:14     | Received a gift from Okawaru
 20840 | D:14     | Reached XP level 13. HP: 61/114 MP: 18/18
 20855 | D:13     | Gained mutation: You have an increased reservoir of magic (+10% MP). [mutagenic meat]
 20856 | D:13     | Gained mutation: Your muscles are strong. (Str +2) [mutagenic meat]
 21253 | D:14     | Received a gift from Okawaru
 21614 | D:14     | Gained mutation: You are mostly covered in rugged brown scales (AC +2, +5% HP). [mutagenic meat]
 21688 | D:14     | Received a gift from Okawaru
 22186 | D:5      | Bought a scroll of acquirement for 728 gold pieces
 22203 | D:5      | Bought a scroll of fog for 28 gold pieces
 22203 | D:5      | Bought a scroll of teleportation for 42 gold pieces
 22399 | Lair:1   | Entered Level 1 of the Lair of Beasts
 22401 | Lair:1   | Noticed Joseph
 22414 | Lair:1   | Killed Joseph
 22796 | Lair:2   | Found a frozen archway.
 22858 | IceCv    | Entered an ice cave
 23270 | IceCv    | Reached skill level 5 in Staves
 23347 | IceCv    | Reached skill level 10 in Fighting
 23826 | IceCv    | Noticed a frost giant
 23869 | IceCv    | Killed a frost giant
 23869 | IceCv    | Received a gift from Okawaru
 23924 | IceCv    | Identified Kyunli's Reference Book on the Mountains
 24028 | Lair:2   | Found a shattered altar of Ashenzari.
 24762 | Lair:2   | Reached XP level 14. HP: 128/128 MP: 21/21
 25391 | Lair:1   | Drew Focus: Str increased to 18, Dex decreased to 10
 26044 | Lair:3   | Reached skill level 17 in Bows
 26414 | Lair:3   | Found a staircase to the Swamp.
 27086 | Lair:4   | Noticed Sonja
 27101 | Lair:4   | Killed Sonja
 27965 | Lair:5   | Noticed Kirke
 28220 | Lair:5   | Reached ****** piety under Okawaru
 28597 | Lair:5   | Reached skill level 10 in Armour
 28802 | Lair:5   | Killed Kirke
 29216 | Lair:6   | Received a gift from Okawaru
 29560 | Lair:6   | Found a hole to the Spider Nest.
 30138 | Lair:6   | Received a gift from Okawaru
 30198 | Lair:6   | Found a staircase to the Slime Pits.
 31031 | Lair:7   | Received a gift from Okawaru
 31403 | Lair:7   | Reached XP level 15. HP: 87/136 MP: 22/22
 31579 | Lair:8   | Entered Level 8 of the Lair of Beasts
 31659 | Lair:8   | Received a gift from Okawaru
 32064 | Lair:8   | Received a gift from Okawaru
 32067 | Lair:8   | Got a translucent shortbow {god gift}
 32068 | Lair:8   | Identified the +6 shortbow "Hell-Harrower" {freeze, rElec Int-4 Stlth+} (Okawaru gifted it to you on level 8 of the Lair of Beasts)
 32422 | Lair:8   | Reached skill level 18 in Bows
 33174 | D:15     | Entered Level 15 of the Dungeon
 33263 | D:15     | Found Nuishuruori's Armour Emporium.
 33382 | D:15     | Received a gift from Okawaru
 34183 | D:15     | Found a staircase to the Depths.
 34236 | D:15     | Received a gift from Okawaru
 34494 | Orc:1    | Entered Level 1 of the Orcish Mines
 34523 | Orc:1    | Found a roughly hewn altar of Beogh.
 34697 | Orc:1    | Noticed Fannar
 34712 | Orc:1    | Killed Fannar
 35638 | Orc:4    | Entered Level 4 of the Orcish Mines
 35743 | Orc:4    | Found a roughly hewn altar of Beogh.
 36102 | Orc:4    | Found a staircase to the Elven Halls.
 36224 | Orc:4    | Received a gift from Okawaru
 36281 | Orc:4    | Found Muci's Gadget Shoppe.
 36281 | Orc:4    | Found Pone's Distillery.
 36284 | Orc:4    | Found Mughuno's Weapon Boutique.
 36286 | Orc:4    | Found Paamacota's Gadget Emporium.
 36329 | Orc:4    | Bought a potion of heal wounds for 75 gold pieces
 36329 | Orc:4    | Bought a potion of heal wounds for 75 gold pieces
 36329 | Orc:4    | Bought a potion of heal wounds for 75 gold pieces
 36329 | Orc:4    | Bought a potion of haste for 150 gold pieces
 36329 | Orc:4    | Bought a potion of agility for 60 gold pieces
 36329 | Orc:4    | Bought a potion of agility for 60 gold pieces
 36329 | Orc:4    | Bought a potion of cancellation for 120 gold pieces
 36359 | Orc:4    | Received a gift from Okawaru
 36570 | Orc:4    | Reached XP level 16. HP: 145/145 MP: 23/23
 36879 | Orc:3    | Found a roughly hewn altar of Beogh.
 37942 | Spider:1 | Entered Level 1 of the Spider Nest
 37968 | Spider:1 | Got a bone shortbow
 37969 | Spider:1 | Identified the +5 shortbow of the Hummingbird {venom, rC++} (You found it on level 1 of the Spider Nest)
 38362 | Spider:1 | Received a gift from Okawaru
 39446 | Spider:2 | Learned a level 5 spell: Phase Shift
 39514 | Spider:2 | Reached skill level 1 in Evocations
 39985 | Spider:3 | Received a gift from Okawaru
 41109 | Spider:4 | Entered Level 4 of the Spider Nest
 41455 | Spider:4 | Reached skill level 19 in Bows
 41771 | Spider:4 | Reached XP level 17. HP: 155/155 MP: 24/24
 41875 | Spider:4 | Received a gift from Okawaru
 41900 | Spider:4 | Gained mutation: You can spit weak poison. [mutagenic meat]
 41901 | Spider:4 | Gained mutation: You can spit poison. [mutagenic meat]
 41902 | Spider:4 | Gained mutation: You are agile. (Dex +2) [mutagenic meat]
 41905 | Spider:4 | Got a smoking longbow {god gift}
 41911 | Spider:4 | Identified the +6 longbow of Power {flame, rF+} (Okawaru gifted it to you on level 4 of the Spider Nest)
 42557 | Spider:4 | Gained mutation: Your muscles are very strong. (Str +4) [potion of beneficial mutation]
 42567 | Spider:4 | Received a gift from Okawaru
 42802 | Spider:4 | Reached skill level 10 in Staves
 43011 | Spider:4 | Received a gift from Okawaru
 43015 | Spider:4 | Got a gossamer rune of Zot
 43019 | Spider:4 | Got a crystal quarterstaff {god gift}
 43022 | Spider:4 | Identified the +0 quarterstaff "Juubaopa" {speed, Int+3 Dex+3} (Okawaru gifted it to you on level 4 of the Spider Nest)
 43500 | Swamp:1  | Entered Level 1 of the Swamp
 43936 | Swamp:1  | Learned a level 2 spell: Shroud of Golubria
 43939 | Swamp:1  | Learned a level 2 spell: Song of Slaying
 43943 | Swamp:1  | Learned a level 3 spell: Regeneration
 43947 | Swamp:1  | Learned a level 3 spell: Spectral Weapon
 44565 | Swamp:1  | Reached skill level 1 in Translocations
 44822 | Swamp:2  | Received a gift from Okawaru
 44899 | Swamp:2  | Reached skill level 1 in Charms
 45784 | Swamp:3  | Noticed Mara
 45787 | Swamp:3  | Noticed inmateoo's illusion
 45811 | Swamp:4  | Entered Level 4 of the Swamp
 46329 | Swamp:4  | Received a gift from Okawaru
 46355 | Swamp:4  | Noticed the 27-headed Lernaean hydra
 46360 | Swamp:4  | Killed the 27-headed Lernaean hydra
 46360 | Swamp:4  | Reached skill level 5 in Evocations
 46360 | Swamp:4  | Reached XP level 18. HP: 134/164 MP: 22/27
 46376 | Swamp:4  | Reached skill level 10 in Dodging
 46506 | Swamp:4  | Got a decaying rune of Zot
 46999 | Swamp:3  | Noticed inmateoo's illusion
 47014 | Swamp:3  | Killed Mara
 47014 | Swamp:3  | Received a gift from Okawaru
 47014 | Swamp:3  | Reached skill level 5 in Spellcasting
 47607 | Vaults:1 | Entered Level 1 of the Vaults
 47708 | Vaults:1 | Received a gift from Okawaru
 48847 | Vaults:1 | Reached skill level 20 in Bows
 48982 | Vaults:1 | Received a gift from Okawaru
 49034 | Vaults:1 | Found Pyarazaw's Food Shoppe.
 49288 | Vaults:1 | Received a gift from Okawaru
 49656 | Vaults:2 | Received a gift from Okawaru
 49845 | Vaults:2 | Found Wuer Zij's Book Boutique.
 49983 | Vaults:2 | Reached XP level 19. HP: 171/174 MP: 30/30
 50622 | Vaults:2 | Received a gift from Okawaru
 50636 | Vaults:2 | Noticed Frederick
 50663 | Vaults:2 | Killed Frederick
 50772 | Vaults:2 | Received a gift from Okawaru
 50772 | Vaults:2 | Reached skill level 5 in Charms
 50811 | Vaults:2 | Found a staircase to the Crypt.
 51463 | Vaults:3 | Received a gift from Okawaru
 51466 | Vaults:3 | Got a shimmering longbow {god gift}
 51467 | Vaults:3 | Identified the +12 longbow of Iplugyel {velocity, +Inv rElec rN++ MR-} (Okawaru gifted it to you on level 3 of the Vaults)
 51535 | Vaults:3 | Reached skill level 5 in Translocations
 51831 | Vaults:3 | Received a gift from Okawaru
 53330 | Vaults:3 | Reached XP level 20. HP: 180/182 MP: 33/33
 53336 | Vaults:3 | Learned a level 2 spell: Repel Missiles
 53632 | Vaults:4 | Found a magical portal.
 53666 | WizLab   | Entered Doroklohe's Tomb
 53700 | WizLab   | Noticed manyhoops's ghost (adept DsGl)
 53734 | WizLab   | Killed manyhoops's ghost
 54020 | WizLab   | Noticed an ancient lich
 54060 | WizLab   | Killed an ancient lich
 54060 | WizLab   | Received a gift from Okawaru
 54445 | Vaults:4 | Received a gift from Okawaru
 54463 | Vaults:4 | Got a faintly glowing shortbow {god gift}
 54465 | Vaults:4 | Identified the +8 shortbow of the Vulture {venom, rN+} (Okawaru gifted it to you on level 4 of the Vaults)
 55465 | Vaults:4 | Received a gift from Okawaru
 55967 | Vaults:5 | Entered Level 5 of the Vaults
 55994 | Vaults:4 | Received a gift from Okawaru
 56099 | Vaults:4 | Received a gift from Okawaru
 56190 | Vaults:5 | Noticed Margery
 56751 | Vaults:5 | Shot with a bolt of frost by a yaktaur captain

Action                   |  1- 3 |  4- 6 |  7- 9 | 10-12 | 13-15 | 16-18 | 19-21 || total
-------------------------+-------+-------+-------+-------+-------+-------+-------++-------
Melee: Dagger            |    85 |       |       |       |       |       |       ||    85
       Short sword       |    18 |   198 |    31 |     9 |       |       |       ||   256
       Quarterstaff      |       |       |   338 |   832 |  1453 |    95 |       ||  2718
       Scimitar          |       |       |       |     2 |       |       |       ||     2
       Shortbow          |       |       |       |     1 |       |       |       ||     1
       Unarmed           |       |       |       |       |     8 |       |       ||     8
       Lajatang          |       |       |       |       |    32 |   698 |   211 ||   941
       Longbow           |       |       |       |       |       |     2 |       ||     2
 Fire: Shortbow          |    64 |     5 |    27 |   267 |   102 |   311 |       ||   776
       Blowgun           |       |    35 |   133 |    31 |       |       |       ||   199
       Longbow           |       |       |       |     4 |   319 |   800 |  1049 ||  2172
Throw: Throwing net      |       |       |     2 |       |       |       |       ||     2
 Cast: Corona            |     1 |    10 |       |       |       |       |       ||    11
       Slow              |       |       |       |     1 |       |       |       ||     1
       Repel Missiles    |       |       |       |       |       |       |     3 ||     3
Invok: Heroism           |       |       |       |     6 |    14 |    14 |     9 ||    43
       Finesse           |       |       |       |       |     1 |     3 |     6 ||    10
 Abil: Spit Poison       |       |       |       |       |       |     1 |       ||     1
Evoke: Wand              |       |       |    10 |     1 |       |     3 |     9 ||    23
       Deck              |       |       |       |     1 |    10 |       |       ||    11
       Phial of floods   |       |       |       |       |       |     1 |       ||     1
  Use: Scroll            |     7 |     4 |    11 |     7 |    17 |    13 |    14 ||    73
       Potion            |       |       |     3 |     6 |     3 |     4 |     5 ||    21
 Stab: Held in net/web   |       |       |     1 |       |       |       |       ||     1
  Eat: Chunk             |     2 |     7 |    12 |    40 |    48 |    25 |     6 ||   140
       Bread ration      |       |       |     2 |       |       |       |       ||     2
       Fruit             |       |       |       |     2 |     3 |    21 |       ||    26
       Beef jerky        |       |       |       |     2 |       |     2 |     1 ||     5
       Royal jelly       |       |       |       |     1 |     5 |     1 |       ||     7
       Pizza             |       |       |       |     1 |     4 |     3 |       ||     8
       Meat ration       |       |       |       |       |       |     2 |     6 ||     8
